 Dungeon Crawl Stone Soup version 0.21-a0-518-g43a1781 (webtiles) character file.

157 kiturien the Shield-Bearer (level 5, 0/47 HPs)
             Began as a Minotaur Fighter on Dec 4, 2017.
             Succumbed to an adder's poison
             ... on level 3 of the Dungeon.
             The game lasted 00:04:00 (1545 turns).

kiturien the Shield-Bearer (Minotaur Fighter)       Turns: 1545, Time: 00:04:01

Health: 0/47       AC:  9    Str: 22    XL:     5   Next: 15%
Magic:  4/4        EV: 10    Int:  5    God:
Gold:   108        SH:  9    Dex:  9    Spells: 4/4 levels left

rFire    . . .     SeeInvis .   a - +1 long sword
rCold    . . .     Gourm    .   c - +0 shield
rNeg     . . .     Faith    .   b - +0 scale mail
rPois    .         Spirit   .   j - +2 hat
rElec    .         Reflect  .   (no cloak)
rCorr    .         Harm     .   (no gloves)
MR       .....                  (no boots)
Stlth    ..........             (no amulet)
HPRegen  0.15/turn              g - +2 ring of evasion
MPRegen  0.09/turn              (no ring)

@: lethally poisoned (0 -> -25)
A: retaliatory headbutt, horns 2
a: no special abilities


You were on level 3 of the Dungeon.
You were not hungry.

You visited 1 branch of the dungeon, and saw 3 of its levels.

You collected 108 gold pieces.

Inventory:

Hand Weapons
 a - a +1 long sword (weapon)
Armour
 b - a +0 scale mail (worn)
 c - a +0 shield (worn)
 j - a +2 hat (worn)
Jewellery
 g - a +2 ring of evasion (left hand)
Scrolls
 e - 5 scrolls of teleportation
 k - a scroll of identify
Potions
 d - a potion of might
 l - a potion of brilliance
Comestibles
 f - 7 bread rations
 h - 4 chunks of flesh
 i - 2 meat rations


   Skills:
 * Level 4.4 Fighting
 * Level 4.3 Long Blades
 * Level 4.3 Armour
 * Level 1.3 Dodging
 * Level 4.6 Shields


You had 4 spell levels left.
You didn't know any spells.

Dungeon Overview and Level Annotations

Branches:
Dungeon (3/15)

Altars:
Gozag

Annotations:
D:3 Thaneod's ghost, amateur DECj


Innate Abilities, Weirdness & Mutations

You reflexively headbutt those who attack you in melee.
You have a pair of horns on your head.


Message History

The adder poisons you! Thaneod's ghost casts a spell at you.
The magic dart hits you!
* * * LOW HITPOINT WARNING * * *
The adder bites you but does no damage. You block Thaneod's ghost's attack.
* * * LOW HITPOINT WARNING * * *
You feel sick.
* * * LOW HITPOINT WARNING * * *
You feel very sick.
* * * LOW HITPOINT WARNING * * *
You feel sick. The adder completely misses you.
You riposte.
You closely miss the adder.
Thaneod's ghost points at you and mumbles some strange words.
The orb of energy hits the adder.
The adder dies!
The orb of energy explodes!
As you read the scroll labeled MEIZ WOUZO, it crumbles to dust.
The creatures around you are filled with an inner flame!
It was a scroll of immolation.
You die...

#.# #.# .. # #.# ... #.#.
###.### ...
#...####.....########.###
.........................
#...........####.....#
#........#.....W..%..###
#........#...@..........
+........#...........###
#......#.#...........#
#....).#.###########.#
#......#.# # #......#.#
...####'##.# .. #.##.# .
###.##.#


You could see Thaneod's ghost (inner flame).

Vanquished Creatures
  Robin (D:2)
  A gnoll (D:1)
  4 adders
  An ooze (D:1)
  2 worms
  A dart slug (D:2)
  2 leopard geckos
  A ball python (D:1)
  4 giant cockroaches (D:2)
  14 hobgoblins
  2 jackals (D:2)
  5 kobolds
  4 quokkas
  5 bats (D:1)
  4 frilled lizards
  12 goblins
  26 rats
89 creatures vanquished.

Vanquished Creatures (others)
  An adder (D:3)
1 creature vanquished.

Grand Total: 90 creatures vanquished

Notes
Turn   | Place    | Note
-------+----------+-------------------------------------------
     0 | D:1      | kiturien the Minotaur Fighter began the quest for the Orb.
     0 | D:1      | Reached XP level 1. HP: 19/19 MP: 0/0
    44 | D:1      | Reached XP level 2. HP: 27/27 MP: 1/1
   458 | D:1      | Reached XP level 3. HP: 30/33 MP: 2/2
   595 | D:2      | Found an opulent altar of Gozag.
   601 | D:2      | Reached XP level 4. HP: 31/40 MP: 3/3
   776 | D:2      | Reached skill level 1 in Dodging
   779 | D:2      | Noticed Robin
   786 | D:2      | Killed Robin
  1262 | D:3      | Reached XP level 5. HP: 47/47 MP: 4/4
  1527 | D:3      | Noticed Thaneod's ghost (amateur DECj)
  1544 | D:3      | HP: 2/47 [poisoned by an adder]
  1545 | D:3      | Succumbed to an adder's poison

Vault maps used:
D:1:      dpeg_arrival_shelter, minmay_pentomino_z4
D:2:      old_standard_altar, first_bread, uniq_robin
D:3:      minmay_rat_hole, uniq_natasha

Skill      XL: |  1  2  3  4 |
---------------+-------------+-----
Shields        | 4 |  4.6
Fighting       | 4 |  4.4
Armour         | 4 |  4.3
Long Blades    | 3 4 |  4.3
Dodging        | 1 |  1.3

Action                   |  1- 3 |  4- 6 || total
-------------------------+-------+-------++-------
Melee: Long sword        |    61 |   104 ||   165
       Headbutt          |    12 |    16 ||    28
  Use: Scroll            |       |     4 ||     4
       Potion            |       |     1 ||     1
  Eat: Chunk             |       |     2 ||     2
Armor: Scale mail        |    17 |    45 ||    62
Dodge: Dodged            |    23 |    27 ||    50
Block: Shield            |    29 |    47 ||    76
       Rpst.: Long sword |     9 |     4 ||    13

Table legend:
 A = Spawn XP
 B = Non-spawn XP
 C = Spawn XP percentage of total XP
 D = Spawn monster count
 E = Non-spawn monster count
 F = Spawn count percentage of total count
 G = Total turns spent on level
                    A         B        C        D         E        F      G
               +---------+---------+-------+---------+---------+-------+---------
         Total |       0 |     225 |   0.0 |       0 |      89 |   0.0 |  1545
               +---------+---------+-------+---------+---------+-------+---------
           D:1 |       0 |      59 |   0.0 |       0 |      26 |   0.0 |   556
           D:2 |       0 |     120 |   0.0 |       0 |      37 |   0.0 |   688
           D:3 |       0 |      46 |   0.0 |       0 |      26 |   0.0 |   301
               +---------+---------+-------+---------+---------+-------+---------
